 Dungeon Crawl Stone Soup version 0.30-b1-2-g02819fbbbe (webtiles) character file.

Game seed: 12119429994244052109

786133 Mesmaeker13 the Wrestler (level 27, -10/219 HPs)
             Began as an Octopode Transmuter on July 22, 2023.
             Was the Champion of Jiyva.
             Killed from afar by Yprosiuh the pandemonium lord (35 damage)
             ... with a crystal spear
             ... in Pandemonium on July 23, 2023.
             The game lasted 04:11:13 (58131 turns).

Mesmaeker13 the Wrestler (Octopode Transmuter)     Turns: 58131, Time: 04:11:14

Health: -10/219    AC:  9    Str: 25    XL:     27
Magic:  36/45      EV: 23    Int: 37    God:    Jiyva [******]
Gold:   7006       SH:  5    Dex: 12    Spells: 3/50 levels left

rFire   + . .        x - +6 Majin-Bo {spellvamp, MP+6 Int+6}
rCold   + + +        (no shield)
rNeg    + + .        C - amulet of Poeduj {Reflect rN+ Regen+ Str+5 SH+5}
rPois   +            o - ring of see invisible
rElec   .            I - ring of protection from fire
rCorr   +            h - ring of protection from cold
SInv    +            s - ring of Teudua Fitoc {rN+ Will+}
Will    ++++.        K - +5 ring of evasion
Stlth   +++++        U - +4 ring of protection
HPRegen 2.96/turn    S - ring of Dyatups {rPois rCorr Int+6}
MPRegen 0.79/turn    L - +6 ring of strength

%: reflection
@: studying 3 skills
A: almost no armour, amphibious, 8 rings, camouflage 1, gelatinous body 1,
(nimble swimmer 1), tentacles, antennae 3, fangs 1, iridescent scales 2, cold
resistance 3, strong-willed 1, jelly sensing items, MP-powered wands, engulf
}: 7/15 runes: decaying, slimy, silver, abyssal, demonic, magical, gossamer
a: Renounce Religion, Oozemancy, Slimify


You were in Pandemonium.
You worshipped Jiyva.
Jiyva was exalted by your worship.
You visited 13 branches of the dungeon, and saw 57 of its levels.
You visited Pandemonium 1 time, and saw 16 of its levels.
You visited the Abyss 1 time.
You also visited: Ossuary, Bailey and Wizlab.

You collected 8369 gold pieces.
You spent 1363 gold pieces at shops.

Inventory:

Hand Weapons
 k - the +4 consecrated labrys {holy, Valiant Fragile Fly SInv}
   (You found it on level 5 of the Pits of Slime)

   Valiant:   It becomes more powerful as more dangerous foes come into view.
   SInv:      It lets you see invisible.
   Fly:       It grants you flight.
   Fragile:   It will be destroyed if unequipped.
 t - a +4 eudemon blade of holy wrath
 x - the +6 Majin-Bo (weapon) {spellvamp, MP+6 Int+6}
   (You found it on level 5 of the Vaults)

   Int:       It affects your intelligence (+6).
   MP:        It affects your magic capacity (+6).
Missiles
 B - 6 throwing nets (quivered)
 F - 12 curare-tipped darts
Armour
 u - an orb of energy
 M - a +2 hat of willpower
Jewellery
 h - a ring of protection from cold (on tentacle)
 m - the ring "Sypinkob" {rElec Int+6 Stlth+}
   (You found it in Pandemonium)

   [ring of intelligence]

   Int:       It affects your intelligence (+6).
   rElec:     It insulates you from electricity.
   Stlth:     It makes you more stealthy.
 n - the ring of the Ancient Hosts {rN+ Int+2 Dex+2}
   (You found it on level 3 of the Crypt)

   [ring of positive energy]

   Int:       It affects your intelligence (+2).
   Dex:       It affects your dexterity (+2).
   rN:        It protects you from negative energy.
 o - a ring of see invisible (left tentacle)
 r - a ring of willpower
 s - the ring of Teudua Fitoc (on tentacle) {rN+ Will+}
   (You took it off Jory on level 3 of the Crypt)

   [ring of positive energy]

   rN:        It protects you from negative energy.
   Will:      It increases your willpower.
 w - a ring of magical power
 y - the ring "Idoiruy" {rPois rN+ Slay+2}
   (You found it on level 5 of the Pits of Slime)

   [ring of positive energy]

   Slay:      It affects your accuracy & damage with ranged weapons and melee
   (+2).
   rPois:     It protects you from poison.
   rN:        It protects you from negative energy.
 C - the amulet of Poeduj (around mantle) {Reflect rN+ Regen+ Str+5 SH+5}
   (You acquired it on level 6 of the Dungeon)

   [amulet of reflection]

   It reflects blocked missile attacks.
   Str:       It affects your strength (+5).
   rN:        It protects you from negative energy.
   Regen:     It increases your rate of health regeneration.
   SH:        It affects your SH (+5).
 E - a ring of protection from fire
 I - a ring of protection from fire (right tentacle)
 K - a +5 ring of evasion (on tentacle)
 L - a +6 ring of strength (on tentacle)
 S - the ring of Dyatups (on tentacle) {rPois rCorr Int+6}
   (You found it on level 5 of the Vaults)

   [ring of intelligence]

   Int:       It affects your intelligence (+6).
   rPois:     It protects you from poison.
   rCorr:     It protects you from acid and corrosion.
 U - a +4 ring of protection (on tentacle)
 X - a +6 ring of dexterity
 Z - a ring of wizardry
Wands
 i - a wand of light (7)
Scrolls
 b - 27 scrolls of teleportation
 l - 8 scrolls of magic mapping
 q - 10 scrolls of fog
 v - 2 scrolls of brand weapon
 z - 6 scrolls of blinking
 A - 2 scrolls of silence
 P - 5 scrolls of summoning
 R - 9 scrolls of immolation
 Y - 2 scrolls of amnesia
Potions
 a - 16 potions of lignification
 c - 7 potions of cancellation
 d - 8 potions of might
 e - 10 potions of heal wounds
 f - 5 potions of magic
 g - 7 potions of mutation
 j - 19 potions of curing
 p - 9 potions of brilliance
 D - 8 potions of haste
 J - 2 potions of berserk rage
 N - a potion of invisibility
 O - a potion of ambrosia
 Q - 2 potions of resistance
Miscellaneous
 T - a phantom mirror


   Skills:
 + Level 25.7 Fighting
 + Level 12.2 Dodging
 - Level 8.5 Stealth
 + Level 25.8 Unarmed Combat
 - Level 12.1 Spellcasting
 - Level 9.1 Conjurations
 - Level 9.0 Hexes
 - Level 10.1 Translocations
 + Level 25.7 Transmutations
 - Level 10.9 Ice Magic
 + Level 19.7 Air Magic


You had 3 spell levels left.
You knew the following spells:

 Your Spells              Type           Power      Damage    Failure   Level
a - Dragon Form           Tmut           59%        N/A       1%          7
b - Wereblood             Tmut           100%       N/A       0%          2
c - Storm Form            Tmut/Air       56%        N/A       1%          7
d - Maxwell's Capacitive  Air            53%        ∞         3%          8
e - Yara's Violent Unrav  Hex/Tmut       50%        3d19      1%          5
f - Irradiate             Conj/Tmut      50%        3d28      1%          5
g - Manifold Assault      Tloc           77%        N/A       1%          4
h - Vhi's Electric Charg  Tloc/Air       100%       N/A       0%          3
i - Ozocubu's Armour      Ice            80%        N/A       1%          3
j - Swiftness             Air            100%       N/A       0%          3

Your spell library contained the following spells:

 Spells                   Type           Power      Damage    Failure   Level
 Beastly Appendage        Tmut           100%       N/A       0%          1
 Shock                    Conj/Air       100%       1d9       0%          1
 Sting                    Tmut/Pois      100%       1d8       0%          1
 Passwall                 Tmut/Erth      72%        N/A       0%          2
 Apportation              Tloc           100%       N/A       1%          1
 Freeze                   Ice            100%       1d10      1%          1
 Kiss of Death            Conj/Necr      100%       2d13      1%          1
 Necrotise                Necr           88%        1d8       1%          1
 Sandblast                Erth           44%        2d11      1%          1
 Summon Small Mammal      Summ           88%        N/A       1%          1
 Blink                    Tloc           100%       N/A       1%          2
 Cigotuvi's Dreadful Rot  Necr/Pois/Air  100%       N/A       1%          2
 Lesser Beckoning         Tloc           100%       N/A       1%          2
 Momentum Strike          Conj/Tloc      100%       3d10      1%          2
 Poisonous Vapours        Pois/Air       100%       N/A       1%          2
 Confusing Touch          Hex            73%        N/A       1%          3
 Dazzling Flash           Conj/Hex       100%       N/A       1%          3
 Frozen Ramparts          Ice            100%       1d16      1%          3
 Gell's Gravitas          Tloc           77%        N/A       1%          3
 Hailstorm                Conj/Ice       77%        3d16      1%          3
 Ignite Poison            Fire/Tmut/Pois 72%        N/A       1%          3
 Inner Flame              Hex/Fire       54%        N/A       1%          3
 Mephitic Cloud           Conj/Pois/Air  76%        N/A       1%          3
 Portal Projectile        Hex/Tloc       100%       N/A       1%          3
 Spider Form              Tmut/Pois      87%        N/A       1%          3
 Stone Arrow              Conj/Erth      100%       3d13      1%          3
 Summon Guardian Golem    Hex/Summ       54%        N/A       1%          3
 Teleport Other           Tloc           77%        N/A       1%          3
 Tukima's Dance           Hex            73%        N/A       1%          3
 Volatile Blastmotes      Fire/Tloc      100%       2d18      1%          3
 Scorch                   Fire           44%        2d6       2%          2
 Call Canine Familiar     Summ           22%        N/A       5%          3
 Vampiric Draining        Necr           22%        2d7       5%          3
 Airstrike                Air            53%        2d(8-24)  0%          4
 Ice Form                 Ice/Tmut       100%       N/A       0%          4
 Blade Hands              Tmut           59%        N/A       0%          5
 Fulminant Prism          Conj/Hex       37%        3d18      1%          4
 Iskenderun's Mystic Bla  Conj/Tloc      76%        2d15      1%          4
 Passage of Golubria      Tloc           77%        N/A       1%          4
 Summon Lightning Spire   Summ/Air       77%        N/A       1%          4
 Alistair's Intoxication  Tmut/Pois      58%        N/A       1%          5
 Arcjolt                  Conj/Air       46%        1d56      1%          5
 Freezing Cloud           Conj/Ice/Air   44%        6-21      1%          5
 Iskenderun's Battlesphe  Conj           74%        2d12      1%          5
 Metabolic Englaciation   Hex/Ice        38%        N/A       1%          5
 Silence                  Hex/Air        45%        N/A       1%          5
 Eringya's Noxious Bog    Tmut/Pois      43%        N/A       1%          6
 Statue Form              Tmut/Erth      58%        N/A       1%          6
 Flame Wave               Conj/Fire      54%        2d13      2%          4
 Leda's Liquefaction      Hex/Erth       27%        N/A       2%          4
 Sticky Flame             Conj/Fire      54%        2d7       2%          4
 Summon Forest            Summ/Tloc      28%        N/A       6%          5
 Animate Dead             Necr           22%        N/A       17%         4
 Dispel Undead            Necr           22%        3d12      17%         4
 Olgreb's Toxic Radiance  Pois           22%        N/A       17%         4
 Simulacrum               Ice/Necr       29%        N/A       28%         6
 Iron Shot                Conj/Erth      27%        9d6       38%         6
 Agony                    Necr           22%        N/A       43%         5
 Borgnjor's Vile Clutch   Necr/Erth      11%        N/A       43%         5
 Lee's Rapid Deconstruct  Erth           11%        3d8*      43%         5
 Necromutation            Tmut/Necr      43%        N/A       52%         8
 Malign Gateway           Summ/Tloc      28%        N/A       88%         7
 Disjunction              Tloc           38%        N/A       88%         8
 Spellforged Servitor     Conj/Summ      27%        N/A       92%         7
 Death Channel            Necr           11%        N/A       95%         6
 Summon Cactus Giant      Summ           11%        N/A       95%         6
 Discord                  Hex            36%        N/A       96%         8
 Chain Lightning          Conj/Air       46%        3d61      99%         9
 Haunt                    Necr/Summ      11%        N/A       100%        7
 Borgnjor's Revivificati  Necr           11%        N/A       100%        8
 Ignition                 Fire           11%        3d5       100%        8
 Lehudib's Crystal Spear  Conj/Erth      27%        10d7      100%        8
 Polar Vortex             Ice            40%        N/A       100%        9


Dungeon Overview and Level Annotations

Branches:
Dungeon (15/15)            Temple (1/1) D:6            Lair (5/5) D:9
  Swamp (4/4) Lair:3       Spider (4/4) Lair:2        Slime (5/5) Lair:4
    Orc (2/2) D:12            Elf (3/3) Orc:2        Vaults (5/5) D:13
  Crypt (3/3) Vaults:2       Tomb (0/3) Crypt:3      Depths (4/4) D:15
   Hell (visited)             Dis (0/7) Hell            Geh (0/7) Hell
    Coc (0/7) Hell            Tar (0/7) Hell            Zot (5/5) Depths:4
Ossuary (visited)          Bailey (visited)          WizLab (visited)

Altars:
Ashenzari
Cheibriados
Dithmenos
Elyvilon
Fedhas
Gozag
Hepliaklqana
Kikubaaqudgha
Makhleb
Nemelex Xobeh
Okawaru
Qazlal
Ru
Sif Muna
Trog
Uskayaw
Vehumet
Wu Jian
Xom
Yredelemnul
Zin
The Shining One
Jiyva
Lugonu

Shops:
D:9 =   Orc:1 :   Orc:2 ([*:   Elf:2 ?   Vaults:1 *   Vaults:2 *   Depths:1 *

Portals:
Hell: Depths:1 Depths:2 Depths:3 Depths:4
Abyss: Lair:5 Depths:1 Depths:3 Depths:4*
Pandemonium: Depths:2
Ziggurat: Depths:1
Trove: Vaults:4 (give 19 potions of curing)

Annotations:
D:7 3 runed translucent doors, diceflayer's ghost, novice DsHu
Spider:4 exclusion: 2 doors
Slime:5 Royal Jelly


Innate Abilities, Weirdness & Mutations

You cannot wear most types of armour.
You are amphibious.
You can wear up to eight rings at the same time.
Your skin changes colour to match your surroundings (Stealth+).
Your rubbery body absorbs attacks. (AC +1, EV +1)
((You are camouflaged when in or above water. (Stealth+)))
You have tentacles for arms and can constrict up to eight enemies at once.
You have a pair of large antennae on your head. (SInv)
You have very sharp teeth.
You are mostly covered in iridescent scales. (AC +4)
Your flesh is almost immune to the effects of cold. (rC+++)
You are strong-willed. (Will+)
You have a small jelly attached to you that senses nearby items.
You expend magic power (3 MP) to strengthen your wands.
Your melee attacks may engulf your foes in ooze.


Message History

The ynoxinul resists.
The blast of lightning engulfs the smoke demon!!!
The smoke demon dies!
The blast of lightning engulfs Yprosiuh!
Yprosiuh resists.
The blast of lightning engulfs the ufetubus!!
The ufetubus dies!
The ufetubus disappears in a puff of smoke!
The blast of lightning engulfs the cacodemon!
The cacodemon resists.
The blast of lightning engulfs you!!!
* * * LOW HITPOINT WARNING * * *
The blast of lightning engulfs the ball lightning.
The ball lightning completely resists.
The blast of lightning engulfs the ufetubus!!!
The ufetubus dies!
The ufetubus disappears in a puff of smoke!
The blast of lightning engulfs the ufetubus!!!
The ufetubus dies!
The ufetubus disappears in a puff of smoke!
The blast of lightning engulfs the demonspawn corrupter!!
The blast of lightning engulfs the ynoxinul!!
The ynoxinul resists.
The ball lightning explodes!
The blast of lightning engulfs you!!
* * * LOW HITPOINT WARNING * * *
The blast of lightning engulfs the ynoxinul!
The ynoxinul resists.
The ynoxinul dies!
The blast of lightning engulfs Yprosiuh.
Yprosiuh resists.
The blast of lightning engulfs the ynoxinul!
The ynoxinul resists.
The blast of lightning engulfs the demonspawn corrupter!!
The demonspawn corrupter dies!
The ancient champion disappears in a puff of smoke!
The blast of lightning engulfs the cacodemon!
The cacodemon resists.
Yprosiuh gestures at you. The crystal spear hits you!!
You die...

######
##....##
##...§..##
#...)....#
#.§§2@§..#
#.§.=§&§§#
#...3§§.§#∆
##...§..##
##....##{
######


You could see Yprosiuh, a cacodemon and a ynoxinul.

Vanquished Creatures
  Lom Lobon (Pan)
  A seraph (Pan)
  4 dread liches
  4 ancient liches
  Khufu (Crypt:2)
  Mara (Depths:2)
  5 orbs of fire
  5 pandemonium lords (Pan)
  Vv (Crypt:3)
  A royal mummy (Crypt:2)
  Margery (Crypt:1)
  6 Killer Klowns (Zot:5)
  Geryon (Hell)
  17 golden dragons
  Jory (Crypt:3)
  A bone dragon (Abyss:2)
  Arachne (Spider:3)
  2 pearl dragons (Pan)
  2 electric golems (Zot:5)
  3 Brimstone Fiends (Pan)
  23 tentacled monstrosities
  Mlioglotl (Swamp:4)
  10 liches
  25 Orb Guardians (Zot:5)
  5 titans
  2 deep elf master archers (Elf:3)
  11 quicksilver dragons
  A walking divine tome (Depths:3)
  3 deep elf blademasters
  Asterion (Depths:2)
  5 searing wretches (Hell)
  4 walking frostbound tomes
  A walking earthen tome (Depths:3)
  3 Executioners (Pan)
  3 ancient champions
  An eldritch tentacle (WizLab)
  12 death cobs
  6 sphinxes
  16 storm dragons
  9 tentacled starspawn
  Kirke (D:13)
  2 thorn hunters
  Donald (Elf:3)
  11 tengu reavers
  13 shadow dragons
  A revenant (Crypt:3)
  10 draconian monks
  2 demonspawn warmongers (Pan)
  15 daevas (Pan)
  3 draconian knights
  An iron dragon (Hell)
  10 fire giants
  Louise (Swamp:1)
  5 deep elf sorcerers
  13 vault wardens
  2 balrugs (Pan)
  Aizul (Depths:2)
  5 emperor scorpions
  7 ghost moths
  7 frost giants
  A caustic shrike zombie (Abyss:4)
  22 ghouls
  19 angels (Pan)
  5 draconian scorchers
  2 juggernaut zombies (Crypt:3)
  7 war gargoyles
  5 draconian stormcallers
  8 draconian shifters
  2 orc warlords
  5 deep elf elementalists (Elf:3)
  A broodmother (Spider:2)
  12 draconian annihilators
  2 curse skulls
  2 cacodemons (Pan)
  14 ironbound preservers
  44 very ugly things
  A demonspawn blood saint (Pan)
  17 reapers
  3 spriggan defenders
  15 stone giants
  11 black draconians
  7 ironbound thunderhulks
  3 demonspawn black suns (Pan)
  17 vampire knights
  3 eleionomae
  18 green draconians
  12 ophanim (Pan)
  16 apis (Pan)
  8 deep elf demonologists
  6 lorocyprocas
  16 purple draconians
  19 red draconians
  12 dire elephants
  17 white draconians
  17 yellow draconians
  11 spark wasps
  11 deep elf annihilators
  10 bunyips
  A crystal guardian (Vaults:4)
  2 eidola
  A mummy priest (Crypt:3)
  11 blizzard demons
  15 deep elf death magi
  12 ettins
  8 green deaths
  2 kraken zombies (Hell)
  5 fire dragons
  Josephine (D:12)
  2 shambling mangroves
  15 jiangshi
  An entropy weaver (shapeshifter) (Abyss:3)
  3 entropy weavers
  42 vault guards
  3 deep elf high priests
  11 yaktaur captains
  9 ice dragons
  A quicksilver dragon skeleton (Crypt:3)
  2 peacekeepers
  7 rakshasas
  3 spriggan zombies
  24 hydras
  4 ogre magi
  3 ghost crabs
  6 alligators
  5 spriggan air magi
  Harold (Lair:1)
  A death knight (Crypt:3)
  2 catoblepae (Abyss:3)
  8 centaur warriors
  2 boulder beetles
  A stoker (Hell)
  2 radroaches
  A two-headed ogre (shapeshifter) (Lair:5)
  7 two-headed ogres
  2 jorogumos
  10 ironbound frosthearts
  3 tengu warriors
  15 death yaks
  32 dancing weapons
  4 deep troll shamans (Depths:2)
  9 deep troll earth magi
  11 vampire magi
  3 orc high priests (Orc:2)
  30 sun demons
  7 spriggan berserkers
  A bennu skeleton (Crypt:3)
  31 deep elf knights
  17 thrashing horrors
  Urug (Orc:1)
  17 skeletal warriors
  Sonja (Orc:2)
  16 hell knights
  10 soul eaters
  4 wretched stars
  13 sixfirhies
  4 pharaoh ants (Spider:1)
  15 iron trolls
  2 storm dragon zombies (Crypt:3)
  Lodul (D:12)
  4 goliath frogs
  3 death drakes
  13 cherubim (Pan)
  A golden dragon zombie (Depths:1)
  53 deep trolls
  A death drake (shapeshifter) (Vaults:5)
  7 bog bodies
  3 sun moths
  3 flayed ghosts
  14 swamp dragons
  12 orb spiders
  8 shadow demons
  5 spriggan druids
  An orb spider (shapeshifter) (Depths:3)
  28 ironbound convokers
  14 large abominations
  12 deep elf archers
  17 wizards
  An obsidian statue (WizLab)
  11 lindwurms
  5 steelbarb worms
  34 deep elf pyromancers
  18 phantasmal warriors
  7 harpies
  6 orc knights
  A goliath frog zombie (Crypt:2)
  A frost giant zombie (Vaults:5)
  A shadow dragon skeleton (Crypt:3)
  An eleionoma zombie (Crypt:3)
  35 deep elf zephyrmancers
  19 wolf spiders
  11 necromancers
  A stone giant zombie (Depths:1)
  3 manticores
  An iron dragon zombie (Crypt:3)
  50 ugly things
  5 orc sorcerers
  5 will-o-the-wisps
  7 rust devils
  A stone giant skeleton (Crypt:1)
  2 cyclopes
  Maurice (Orc:1)
  An eleionoma skeleton (Crypt:1)
  26 moths of wrath
  An elephant (shapeshifter) (Vaults:5)
  A dire elephant zombie (Crypt:3)
  2 iron dragon skeletons
  6 elephants
  Joseph (Lair:1)
  9 vault sentinels
  A torpor snail (shapeshifter) (Depths:1)
  A gargoyle (D:13)
  2 naga magi (Vaults:4)
  25 smoke demons
  A shock serpent skeleton (Crypt:1)
  A titan simulacrum (Depths:1)
  8 demonic crawlers
  A frost giant skeleton (D:15)
  5 orange demons
  4 torpor snails
  A grey draconian zombie (Crypt:2)
  A demonspawn skeleton (WizLab)
  4 hellions
  2 sea snake zombies (Hell)
  8 cane toads
  A yaktaur (shapeshifter) (Vaults:5)
  23 yaktaurs
  A rime drake (Lair:5)
  4 freezing wraiths
  5 efreet
  A human skeleton (Vaults:5)
  A grey draconian skeleton (Crypt:1)
  An ice devil (Pan)
  3 spriggan skeletons
  3 sea snake skeletons
  3 hydra zombies
  8 komodo dragons
  A tormentor (Pan)
  2 tengu conjurers (Vaults:4)
  A yaktaur skeleton (WizLab)
  6 guardian mummies (Crypt:3)
  2 red devils
  6 ancient zymes
  A purple draconian skeleton (Crypt:2)
  6 trolls
  4 polar bears
  20 hellwings
  8 tyrant leeches
  21 hornets
  30 tarantellas
  A wind drake (WizLab)
  14 raiju
  53 blink frogs
  7 catoblepas skeletons (Abyss:3)
  A fire dragon zombie (Crypt:3)
  A boulder beetle zombie (Crypt:2)
  An ettin zombie (D:15)
  3 hydra skeletons
  19 small abominations
  A jumping spider (shapeshifter) (Lair:5)
  4 air elementals
  23 culicivoras
  A spriggan (shapeshifter) (D:13)
  22 vampires
  28 jumping spiders
  9 wraiths
  Sigmund (D:4)
  12 spriggans
  3 water elementals
  A shadow (D:10)
  13 ynoxinuls
  32 yaks
  4 wyverns
  7 hogs (D:13)
  Eustachio (D:4)
  24 starcursed masses (Abyss:3)
  15 basilisks
  20 humans (D:13)
  4 fire elementals
  54 redbacks
  8 chaos spawn
  A steam dragon (Lair:1)
  14 vampire mosquitoes
  5 neqoxecs
  A sea snake simulacrum (Hell)
  2 wargs
  Menkaure (D:7)
  3 spatial vortices (WizLab)
  An acid dragon (D:9)
  14 water moccasins
  14 swamp worms
  Duvessa (D:4)
  A deep troll zombie (Crypt:2)
  A deep troll skeleton (Crypt:1)
  3 hell hounds
  An ice beast (D:5)
  32 orc warriors
  13 swamp drakes
  A black bear (Lair:4)
  25 ogres
  10 centaurs
  A manticore skeleton (Crypt:1)
  A phantom (D:5)
  7 kobold brigands
  3 elf zombies
  13 bullfrogs
  7 necrophages
  A wyvern zombie (Crypt:3)
  5 gnoll sergeants
  A scorpion (D:6)
  10 earth elementals
  2 elf skeletons (D:5)
  3 wights (D:8)
  Dowan (D:4)
  11 killer bees
  6 electric eels (Lair:3)
  7 howler monkeys
  A jelly (D:5)
  5 centaur zombies
  5 hounds
  2 quasits
  15 orc priests
  3 human zombies
  An iron imp (Abyss:3)
  3 iguanas (D:5)
  3 sleepcaps
  Natasha (thrice) (D:2)
  18 orc wizards
  A yak simulacrum (Lair:3)
  6 hell rats
  4 polar bear simulacra (Lair:3)
  4 wolf simulacra (Lair:3)
  A sky beast zombie (Crypt:2)
  2 hound zombies (Ossuary)
  4 mummies
  9 adders
  10 gnolls
  A river rat (D:9)
  A shadow imp (D:6)
  3 white imps
  An ufetubus (WizLab)
  5 adder zombies (Ossuary)
  An adder skeleton (Crypt:1)
  A worm (D:4)
  A dart slug (D:1)
  47 orcs
  7 ball pythons
  13 endoplasms
  2 giant cockroaches (D:3)
  11 goblins
  3 hobgoblins
  7 jackals
  2 quokkas
  5 bats
  4 frilled lizards
  3 goblin zombies (Ossuary)
  7 hobgoblin zombies (Ossuary)
  4 jackal zombies
  13 kobolds
  A kobold skeleton (Crypt:3)
  7 kobold zombies (Ossuary)
  2 orc skeletons (D:5)
  A quokka zombie (Ossuary)
  3 rats
  A rat zombie (Ossuary)
  2 river rat simulacra (Lair:3)
  3 briar patches (Swamp:3)
  A fire vortex (Hell)
  A lurking horror (Abyss:2)
  6 starspawn tentacles
  4 tentacles (Hell)
2780 creatures vanquished.

Vanquished Creatures (collateral kills)
  A royal mummy (Crypt:2)
  A shadow dragon (Abyss:3)
  A very ugly thing (Depths:3)
  A bunyip (Swamp:1)
  An entropy weaver (Spider:1)
  A catoblepas (Lair:4)
  A wretched star (Abyss:2)
  2 lindwurms (Lair:5)
  An orange demon (Abyss:3)
  A yak (Lair:5)
  A large abomination (Abyss:3)
  A butterfly (Lair:4)
13 creatures vanquished.

Vanquished Creatures (others)
  A demonspawn corrupter (Pan)
  8 great orbs of eyes
  A green death (Pan)
  2 centaur warriors
  A vault guard (Vaults:1)
  A boulder beetle (Spider:3)
  2 glowing orange brains
  A sixfirhy (Pan)
  A death drake (shapeshifter) (Vaults:5)
  A deep troll (Vaults:1)
  A lindwurm (Lair:5)
  An ironbound convoker (Vaults:1)
  A necromancer (Depths:1)
  3 wizards
  A faun (shapeshifter) (Depths:3)
  4 ugly things
  A deep elf pyromancer (Elf:2)
  4 deep elf zephyrmancers
  3 eyes of devastation (Depths:4)
  3 smoke demons (Pan)
  A hellion (Pan)
  A yaktaur (Vaults:4)
  3 bloated husks
  A meliai (shapeshifter) (Depths:3)
  A tyrant leech (shapeshifter) (Lair:5)
  A blink frog (Lair:4)
  A snapping turtle (shapeshifter) (Vaults:5)
  2 floating eyes
  A jumping spider (shapeshifter) (Vaults:5)
  A culicivora (Spider:1)
  22 slime creatures
  A ynoxinul (Pan)
  2 small abominations
  2 yaks (Lair:5)
  A basilisk (Lair:5)
  A wyvern (Lair:2)
  A chaos spawn (Pan)
  2 water moccasins
  2 swamp drakes
  2 orc warriors
  A black bear (Lair:3)
  A centaur (D:10)
  A kobold brigand (D:8)
  2 bullfrogs
  A scorpion (D:7)
  A killer bee (D:8)
  An electric eel (Lair:3)
  3 howler monkeys (D:14)
  314 jellies
  An iguana (D:6)
  3 orc wizards
  A white imp (D:7)
  13 orcs
  6 kobolds (D:8)
  5 ball lightnings (Pan)
  A block of ice (Pan)
  A fire vortex (Hell)
  14 foxfires
  76 fungi
  A lurking horror (WizLab)
  54 plants
  10 starspawn tentacles
  3 tentacles (Hell)
  14 withered plants
618 creatures vanquished.

Grand Total: 3411 creatures vanquished

Notes
Turn   | Place    | Note
-------+----------+-------------------------------------------
     0 | D:1      | Mesmaeker13 the Octopode Transmuter began the quest for the
                  | Orb.
     0 | D:1      | Reached XP level 1. HP: 13/13 MP: 3/3
    44 | D:1      | Reached XP level 2. HP: 18/18 MP: 3/5
   221 | D:1      | Learned a level 2 spell: Wereblood
   290 | D:1      | Reached XP level 3. HP: 23/23 MP: 4/6
  1033 | D:2      | Noticed Natasha
  1051 | D:2      | Killed Natasha
  1052 | D:2      | Reached XP level 4. HP: 23/29 MP: 5/7
  1205 | D:2      | Noticed Natasha
  1211 | D:2      | Killed Natasha
  1259 | D:2      | Reached XP level 5. HP: 35/35 MP: 7/9
  1264 | D:2      | Learned a level 4 spell: Ice Form
  1295 | D:2      | Found a basalt altar of Yredelemnul.
  1765 | D:2      | Noticed Natasha
  1775 | D:2      | Killed Natasha
  2118 | D:3      | Identified the ring "Ydior" {Ice Contam rN++ Will+ Stlth+}
  2566 | D:4      | Noticed Sigmund
  2642 | D:4      | Reached skill level 1 in Ice Magic
  2746 | D:4      | Found a shadowy altar of Dithmenos.
  2772 | D:4      | Noticed Eustachio
  2780 | D:5      | Entered Level 5 of the Dungeon
  2804 | D:4      | Noticed Duvessa
  2805 | D:4      | Noticed Dowan
  2919 | D:5      | Reached XP level 6. HP: 12/41 MP: 6/10
  3293 | D:5      | Found a white marble altar of Elyvilon.
  3319 | D:5      | Found a sand-covered staircase.
  3342 | D:5      | Reached XP level 7. HP: 22/46 MP: 9/12
  3372 | Ossuary  | Entered an ossuary
  3750 | Ossuary  | Reached XP level 8. HP: 40/54 MP: 12/14
  3782 | Ossuary  | Reached skill level 5 in Unarmed Combat
  3879 | D:5      | Identified 3 scrolls of acquirement
  4601 | D:5      | Reached skill level 5 in Transmutations
  4731 | D:5      | Reached skill level 5 in Fighting
  5014 | D:4      | Killed Sigmund
  5015 | D:4      | Reached XP level 9. HP: 61/61 MP: 2/16
  5128 | D:4      | Reached skill level 5 in Spellcasting
  5301 | D:4      | Killed Dowan
  5324 | D:4      | Killed Eustachio
  5471 | D:4      | Killed Duvessa
  5769 | D:6      | Found a staircase to the Ecumenical Temple.
  5783 | Temple   | Entered the Ecumenical Temple
  5909 | Temple   | Became a worshipper of Jiyva Jyimoid the Shapeless
  6031 | D:6      | Found a shimmering altar of Xom.
  6254 | D:6      | Reached * piety under Jiyva
  6451 | D:6      | Acquired the amulet of Poeduj {Reflect rN+ Regen+ Str+5
                  | SH+5}
  6536 | D:7      | Reached skill level 5 in Ice Magic
  6658 | D:7      | Noticed Menkaure
  6683 | D:7      | Killed Menkaure
  6759 | D:7      | Noticed diceflayer's ghost (novice DsHu)
  6760 | D:7      | Found a runed translucent gate.
  6760 | D:7      | Found a runed translucent gate.
  6762 | D:7      | Found a runed translucent gate.
  6762 | D:7      | Noticed a kobold demonologist
  6947 | D:7      | Reached ** piety under Jiyva
  7377 | D:8      | Noticed a hornet
  7381 | D:8      | Killed a hornet
  7382 | D:8      | Reached XP level 10. HP: 69/69 MP: 19/19
  8006 | D:9      | Reached *** piety under Jiyva
  8118 | D:9      | Gained mutation: Your muscles are strong. (Str +4, Int/Dex
                  | -1) [Jiyva's grace]
  8118 | D:9      | Gained mutation: Your muscles are very strong. (Str +8,
                  | Int/Dex -2) [Jiyva's grace]
  8118 | D:9      | Gained mutation: You are somewhat resistant to further
                  | mutation. [Jiyva's grace]
  8118 | D:9      | Gained mutation: You are somewhat resistant to both further
                  | mutation and mutation removal. [Jiyva's grace]
  8127 | D:9      | Found a sacrificial altar of Ru.
  8129 | D:9      | Found a glowing golden altar of the Shining One.
  8272 | D:9      | Found an ornate altar of the Wu Jian Council.
  8288 | D:9      | Found Yghiaged's Jewellery Boutique.
  8304 | D:9      | Noticed a death yak
  8325 | D:9      | Bought a +5 ring of evasion for 468 gold pieces
  8413 | D:9      | Found a sparkling altar of Nemelex Xobeh.
  8434 | D:9      | Found a blossoming altar of Fedhas.
  8435 | D:9      | Found a hazy altar of Hepliaklqana.
  8542 | D:9      | Noticed a death yak
  8548 | D:9      | Noticed a death yak
  8556 | D:9      | Killed a death yak
  8559 | D:9      | Killed a death yak
  8565 | D:9      | Killed a death yak
  8566 | D:9      | Reached XP level 11. HP: 75/75 MP: 21/21
  8568 | D:9      | Found a staircase to the Lair.
  8757 | D:9      | Found a stormy altar of Qazlal.
  8998 | D:10     | Entered Level 10 of the Dungeon
  9011 | D:10     | Reached **** piety under Jiyva
  9157 | D:10     | Noticed a two-headed ogre
  9170 | D:10     | Killed a two-headed ogre
  9222 | D:10     | Found a snail-covered altar of Cheibriados.
  9276 | D:10     | Found a flagged portal.
  9287 | Bailey   | Entered a bailey
  9294 | Bailey   | Learned a level 5 spell: Metabolic Englaciation
  9487 | D:10     | Reached ***** piety under Jiyva
  9550 | D:10     | Reached skill level 1 in Hexes
  9642 | D:10     | Noticed a two-headed ogre
  9651 | D:10     | Killed a two-headed ogre
  9767 | D:10     | Gained mutation: You have a small jelly attached to you
                  | that may absorb projectiles. [Jiyva's grace]
  9767 | D:10     | Gained mutation: Your flesh is heat resistant. (rF+)
                  | [Jiyva's grace]
  9767 | D:10     | Gained mutation: Your flesh is very heat resistant. (rF++)
                  | [Jiyva's grace]
  9767 | D:10     | Gained mutation: Your flesh is almost immune to the effects
                  | of heat. (rF+++) [Jiyva's grace]
 10081 | Lair:1   | Entered Level 1 of the Lair of Beasts
 10087 | Lair:1   | Noticed Joseph
 10104 | Lair:1   | Killed Joseph
 10224 | Lair:1   | Noticed Harold
 10259 | Lair:1   | Killed Harold
 10260 | Lair:1   | Reached XP level 12. HP: 84/84 MP: 23/23
 10603 | Lair:1   | Found a dark tunnel.
 11129 | Lair:2   | Noticed a death yak
 11135 | Lair:2   | Noticed a death yak
 11137 | Lair:2   | Noticed a death yak
 11147 | Lair:2   | Killed a death yak
 11149 | Lair:2   | Killed a death yak
 11156 | Lair:2   | Killed a death yak
 11187 | Lair:2   | Reached ****** piety under Jiyva
 11317 | Lair:2   | Reached skill level 5 in Hexes
 11400 | Lair:2   | Reached skill level 10 in Unarmed Combat
 11451 | Lair:2   | Found a hole to the Spider Nest.
 12065 | Lair:3   | Noticed an eight-headed hydra
 12074 | Lair:3   | Killed an eight-headed hydra
 12075 | Lair:3   | Reached skill level 10 in Transmutations
 12075 | Lair:3   | Reached XP level 13. HP: 92/92 MP: 24/24
 12102 | Lair:3   | Found a staircase to the Swamp.
 12261 | Lair:3   | Lost mutation: Your flesh is almost immune to the effects
                  | of heat. (rF+++) [Jiyva's grace]
 12261 | Lair:3   | Lost mutation: Your flesh is very heat resistant. (rF++)
                  | [Jiyva's grace]
 12261 | Lair:3   | Lost mutation: Your muscles are very strong. (Str +8,
                  | Int/Dex -2) [Jiyva's grace]
 12261 | Lair:3   | Lost mutation: You have a small jelly attached to you that
                  | may absorb projectiles. [Jiyva's grace]
 12261 | Lair:3   | Gained mutation: Your pliable body absorbs attacks. (AC +2,
                  | EV +2) [Jiyva's grace]
 12261 | Lair:3   | Gained mutation: Your gelatinous body deflects attacks. (AC
                  | +3, EV +3) [Jiyva's grace]
 12261 | Lair:3   | Gained mutation: You have acidic saliva. [Jiyva's grace]
 12261 | Lair:3   | Gained mutation: You are covered in slimy tendrils that may
                  | disarm your opponents. [Jiyva's grace]
 12289 | Lair:3   | Reached skill level 10 in Fighting
 12907 | Lair:3   | Learned a level 5 spell: Yara's Violent Unravelling
 12954 | Lair:4   | Found a viscous altar of Jiyva.
 12955 | Lair:4   | Found a staircase to the Slime Pits.
 13189 | Lair:4   | Reached skill level 10 in Ice Magic
 13766 | Lair:5   | Entered Level 5 of the Lair of Beasts
 13966 | Lair:5   | Reached XP level 14. HP: 101/101 MP: 25/25
 14154 | Lair:5   | Lost mutation: You are somewhat resistant to both further
                  | mutation and mutation removal. [Jiyva's grace]
 14154 | Lair:5   | Lost mutation: Your muscles are strong. (Str +4, Int/Dex
                  | -1) [Jiyva's grace]
 14154 | Lair:5   | Lost mutation: You are covered in slimy tendrils that may
                  | disarm your opponents. [Jiyva's grace]
 14154 | Lair:5   | Gained mutation: One of your tentacles bears a spike.
                  | [Jiyva's grace]
 14154 | Lair:5   | Gained mutation: One of your tentacles bears a nasty spike.
                  | [Jiyva's grace]
 14154 | Lair:5   | Gained mutation: One of your tentacles bears a large
                  | vicious spike. [Jiyva's grace]
 14154 | Lair:5   | Gained mutation: Armour fits poorly on your pseudopods.
                  | [Jiyva's grace]
 14718 | Lair:5   | Found a corrupted altar of Lugonu.
 14718 | Lair:5   | Found a one-way gate to the infinite horrors of the Abyss.
 14872 | Lair:5   | Identified the ring of Ifuskauc {rN+ Will- Str+2 Stlth+}
 14995 | Lair:1   | Acquired an Inescapable Atlas
 14999 | Lair:1   | Acquired a +1 hat of stealth
 15008 | Lair:1   | Acquired 1143 gold pieces
 15594 | D:12     | Noticed Lodul
 15637 | D:12     | Killed Lodul
 15639 | D:12     | Found a staircase to the Orcish Mines.
 16023 | D:12     | Lost mutation: One of your tentacles bears a large vicious
                  | spike. [Jiyva's grace]
 16023 | D:12     | Lost mutation: Your flesh is heat resistant. (rF+) [Jiyva's
                  | grace]
 16023 | D:12     | Lost mutation: You have acidic saliva. [Jiyva's grace]
 16023 | D:12     | Lost mutation: Your gelatinous body deflects attacks. (AC
                  | +3, EV +3) [Jiyva's grace]
 16023 | D:12     | Gained mutation: You have acidic saliva. [Jiyva's grace]
 16023 | D:12     | Gained mutation: A frigid envelope surrounds you and
                  | freezes all who hurt you. [Jiyva's grace]
 16023 | D:12     | Gained mutation: You are strong-willed. (Will+) [Jiyva's
                  | grace]
 16023 | D:12     | Gained mutation: You are highly strong-willed. (Will++)
                  | [Jiyva's grace]
 16270 | Orc:1    | Entered Level 1 of the Orcish Mines
 16286 | Orc:1    | Found Qure's Vocational Training.
 16304 | Orc:1    | Noticed an orc warlord
 16313 | Orc:1    | Noticed Josephine
 16327 | Orc:1    | Noticed Maurice
 16333 | D:12     | Killed Josephine
 16482 | D:13     | Reached XP level 15. HP: 108/108 MP: 26/26
 16760 | D:13     | Noticed Kirke
 16768 | D:13     | Noticed a sphinx
 16772 | D:13     | Killed Kirke
 16885 | D:13     | Found a gate to the Vaults.
 17065 | D:14     | You are sucked into a shaft and drop 1 floor!
 17065 | D:15     | Entered Level 15 of the Dungeon
 17284 | D:14     | Found a sacrificial altar of Ru.
 17316 | D:14     | Lost mutation: One of your tentacles bears a nasty spike.
                  | [Jiyva's grace]
 17316 | D:14     | Lost mutation: You are highly strong-willed. (Will++)
                  | [Jiyva's grace]
 17316 | D:14     | Lost mutation: You are strong-willed. (Will+) [Jiyva's
                  | grace]
 17316 | D:14     | Lost mutation: Armour fits poorly on your pseudopods.
                  | [Jiyva's grace]
 17316 | D:14     | Gained mutation: You have a pair of small antennae on your
                  | head. [Jiyva's grace]
 17316 | D:14     | Gained mutation: You have a pair of antennae on your head.
                  | [Jiyva's grace]
 17316 | D:14     | Gained mutation: You have a pair of large antennae on your
                  | head. (SInv) [Jiyva's grace]
 17316 | D:14     | Gained mutation: Your melee attacks may engulf your foes in
                  | ooze. [Jiyva's grace]
 17677 | D:15     | Found a staircase to the Depths.
 18439 | D:12     | Learned a level 7 spell: Dragon Form
 18454 | Orc:1    | Killed an orc warlord
 18467 | Orc:1    | Killed Maurice
 18470 | Orc:1    | Reached XP level 16. HP: 118/118 MP: 27/27
 18561 | Orc:1    | Noticed Urug
 18568 | Orc:1    | Killed Urug
 18831 | Orc:2    | Entered Level 2 of the Orcish Mines
 18835 | Orc:2    | Found Wiguquf's Antique Armour Emporium.
 18920 | Orc:2    | Found Buijyma's General Store.
 18967 | Orc:2    | Found a staircase to the Elven Halls.
 19011 | Orc:2    | Noticed Sonja
 19022 | Orc:2    | Killed Sonja
 19124 | Orc:2    | Lost mutation: A frigid envelope surrounds you and freezes
                  | all who hurt you. [Jiyva's grace]
 19124 | Orc:2    | Gained mutation: You are agile. (Dex +4, Str/Int -1)
                  | [Jiyva's grace]
 19124 | Orc:2    | Gained mutation: You are very agile. (Dex +8, Str/Int -2)
                  | [Jiyva's grace]
 19124 | Orc:2    | Gained mutation: You are strong-willed. (Will+) [Jiyva's
                  | grace]
 19124 | Orc:2    | Gained mutation: You are highly strong-willed. (Will++)
                  | [Jiyva's grace]
 19128 | Orc:2    | Found Ecib's Book Emporium.
 19290 | Orc:2    | Found Ruaklut's Antique Weapon Boutique.
 19956 | Swamp:1  | Entered Level 1 of the Swamp
 19982 | Swamp:1  | Identified the amulet "Henwen" {Reflect Dex+3 SH+5}
 20004 | Swamp:1  | Reached skill level 1 in Stealth
 20208 | Swamp:1  | Noticed Louise
 20216 | Swamp:1  | Killed Louise
 20224 | Swamp:1  | Noticed a tentacled monstrosity
 20234 | Swamp:1  | Killed a tentacled monstrosity
 20727 | Swamp:2  | Reached skill level 5 in Stealth
 20843 | Swamp:2  | Identified the +7 dagger of Due Proportion {flame, rPois
                  | Dex+3}
 20906 | Swamp:2  | Gained mutation: You are frail. (-10% HP) [mutagenic glow]
 21353 | Swamp:3  | Reached skill level 15 in Unarmed Combat
 21353 | Swamp:3  | Reached XP level 17. HP: 113/113 MP: 29/29
 21710 | Swamp:4  | Entered Level 4 of the Swamp
 21793 | Swamp:4  | Reached skill level 15 in Transmutations
 21860 | Swamp:4  | Reached skill level 15 in Fighting
 21908 | Swamp:4  | Noticed Mlioglotl
 21920 | Swamp:4  | Killed Mlioglotl
 21941 | Swamp:4  | Lost mutation: You have a pair of large antennae on your
                  | head. (SInv) [Jiyva's grace]
 21941 | Swamp:4  | Lost mutation: One of your tentacles bears a spike.
                  | [Jiyva's grace]
 21941 | Swamp:4  | Lost mutation: You are frail. (-10% HP) [Jiyva's grace]
 21941 | Swamp:4  | Lost mutation: You are highly strong-willed. (Will++)
                  | [Jiyva's grace]
 21941 | Swamp:4  | Gained mutation: Your flesh is cold resistant. (rC+)
                  | [Jiyva's grace]
 21941 | Swamp:4  | Gained mutation: Your flesh is very cold resistant. (rC++)
                  | [Jiyva's grace]
 21941 | Swamp:4  | Gained mutation: Your flesh is almost immune to the effects
                  | of cold. (rC+++) [Jiyva's grace]
 21941 | Swamp:4  | Gained mutation: You are covered in slimy tendrils that may
                  | disarm your opponents. [Jiyva's grace]
 22210 | Swamp:4  | Got a decaying rune of Zot
 22477 | Lair:3   | Learned a level 5 spell: Irradiate
 22538 | Spider:1 | Entered Level 1 of the Spider Nest
 22598 | Spider:1 | Reached skill level 1 in Conjurations
 22716 | Spider:1 | You are sucked into a shaft and drop 1 floor!
 23126 | Spider:2 | Reached XP level 18. HP: 134/134 MP: 29/31
 23256 | Spider:2 | Reached skill level 10 in Spellcasting
 23627 | Spider:2 | Lost mutation: Your flesh is almost immune to the effects
                  | of cold. (rC+++) [Jiyva's grace]
 23627 | Spider:2 | Lost mutation: You are somewhat resistant to further
                  | mutation. [Jiyva's grace]
 23627 | Spider:2 | Lost mutation: You have acidic saliva. [Jiyva's grace]
 23627 | Spider:2 | Gained mutation: Your natural rate of healing is unusually
                  | fast. [Jiyva's grace]
 23627 | Spider:2 | Gained mutation: You heal very quickly. [Jiyva's grace]
 23627 | Spider:2 | Gained mutation: You regenerate. [Jiyva's grace]
 23627 | Spider:2 | Gained mutation: You have acidic saliva. [Jiyva's grace]
 24546 | Spider:3 | Noticed Arachne
 24558 | Spider:3 | Killed Arachne
 25360 | Spider:4 | Entered Level 4 of the Spider Nest
 25937 | Spider:4 | Found a frozen archway.
 25947 | Spider:4 | Reached skill level 5 in Conjurations
 26452 | Spider:4 | Got a gossamer rune of Zot
 26771 | Depths:1 | Entered Level 1 of the Depths
 26954 | D:9      | Bought a +6 ring of strength for 468 gold pieces
 27165 | Depths:1 | Gained mutation: Your magical capacity is low. (-10% MP)
                  | [mutagenic glow]
 27210 | Depths:1 | Reached XP level 19. HP: 142/142 MP: 30/30
 27231 | Depths:1 | Found Feufuna's General Store.
 27270 | Depths:1 | Found a gateway to Hell.
 27562 | Depths:1 | Found a one-way gateway to a ziggurat.
 27563 | Depths:1 | Lost mutation: You have a pair of antennae on your head.
                  | [Jiyva's grace]
 27563 | Depths:1 | Lost mutation: You are very agile. (Dex +8, Str/Int -2)
                  | [Jiyva's grace]
 27563 | Depths:1 | Lost mutation: You are strong-willed. (Will+) [Jiyva's
                  | grace]
 27563 | Depths:1 | Lost mutation: You regenerate. [Jiyva's grace]
 27563 | Depths:1 | Lost mutation: Your pliable body absorbs attacks. (AC +2,
                  | EV +2) [Jiyva's grace]
 27563 | Depths:1 | Gained mutation: You passively map a small area around you.
                  | [Jiyva's grace]
 27563 | Depths:1 | Gained mutation: You passively map the area around you.
                  | [Jiyva's grace]
 27563 | Depths:1 | Gained mutation: You passively map a large area around you.
                  | [Jiyva's grace]
 27563 | Depths:1 | Gained mutation: You have a small jelly attached to you
                  | that may absorb projectiles. [Jiyva's grace]
 27616 | Depths:1 | Identified the +4 scale mail of Henotheism {-Cast Rampage
                  | Fly Stlth+}
 27863 | Depths:1 | Got the Treatise on the Transforming Cumulonimbus
 28364 | Depths:2 | Identified the +8 spear of Articulation {heavy, Will+
                  | Stlth+}
 28364 | Depths:2 | Identified the +8 dagger "Kasacomm" {spect, +Blink rCorr
                  | SInv}
 28384 | Depths:2 | Noticed a tentacled monstrosity
 28390 | Depths:2 | Killed a tentacled monstrosity
 28458 | Depths:2 | Noticed Asterion
 28466 | Depths:2 | Killed Asterion
 28479 | Depths:2 | Noticed Mara
 28482 | Depths:2 | Noticed Mesmaeker13's illusion
 28495 | Depths:2 | Noticed Mesmaeker13's illusion
 28499 | Depths:2 | Killed Mara
 28502 | Depths:2 | Noticed Aizul
 28512 | Depths:2 | Killed Aizul
 28621 | Depths:2 | Found a hazy altar of Hepliaklqana.
 28623 | Depths:2 | Reached skill level 5 in Dodging
 28984 | Depths:2 | Found a one-way gate leading to the halls of Pandemonium.
 28991 | Depths:2 | Learned a level 4 spell: Manifold Assault
 29033 | Depths:3 | Noticed a tentacled monstrosity
 29046 | Depths:3 | Killed a tentacled monstrosity
 29047 | Depths:3 | Reached skill level 1 in Translocations
 29047 | Depths:3 | Reached XP level 20. HP: 150/150 MP: 32/32
 29075 | Depths:3 | Noticed a golden dragon
 29077 | Depths:3 | Killed a golden dragon
 29109 | Depths:3 | Noticed a golden dragon
 29118 | Depths:3 | Killed a golden dragon
 29396 | D:9      | Bought a ring of willpower for 325 gold pieces
 29845 | Depths:3 | Noticed a golden dragon
 29853 | Depths:3 | Killed a golden dragon
 30230 | Depths:3 | Found an ancient bone altar of Kikubaaqudgha.
 30272 | Depths:3 | Lost mutation: You passively map a large area around you.
                  | [Jiyva's grace]
 30272 | Depths:3 | Lost mutation: You passively map the area around you.
                  | [Jiyva's grace]
 30272 | Depths:3 | Lost mutation: You heal very quickly. [Jiyva's grace]
 30272 | Depths:3 | Gained mutation: You expend magic power (3 MP) to
                  | strengthen your wands. [Jiyva's grace]
 30272 | Depths:3 | Gained mutation: You heal very quickly. [Jiyva's grace]
 30272 | Depths:3 | Gained mutation: You regenerate. [Jiyva's grace]
 30272 | Depths:3 | Gained mutation: You are covered in fur. (AC +1) [Jiyva's
                  | grace]
 30657 | Depths:1 | Bought a scroll of amnesia for 60 gold pieces
 30715 | Depths:4 | Entered Level 4 of the Depths
 30857 | Depths:4 | Reached XP level 21. HP: 157/157 MP: 28/33
 30916 | Depths:4 | Reached skill level 5 in Translocations
 31297 | Depths:4 | Noticed a golden dragon
 31304 | Depths:4 | Killed a golden dragon
 31322 | Depths:4 | Noticed a golden dragon
 31333 | Depths:4 | Killed a golden dragon
 31361 | Depths:4 | Noticed a golden dragon
 31365 | Depths:4 | Killed a golden dragon
 31442 | Depths:4 | Noticed a golden dragon
 31448 | Depths:4 | Killed a golden dragon
 31598 | Depths:4 | Found a gate to the Realm of Zot.
 31603 | Depths:4 | Noticed a golden dragon
 31645 | Depths:4 | Killed a golden dragon
 31652 | Depths:4 | Identified the +9 plate armour of Xateopn {rN+ SInv}
 31690 | Depths:4 | Noticed a golden dragon
 31725 | Depths:4 | Killed a golden dragon
 31895 | Depths:4 | Noticed a golden dragon
 31901 | Depths:4 | Killed a golden dragon
 32491 | Vaults:1 | Entered Level 1 of the Vaults
 32500 | Vaults:1 | Learned a level 7 spell: Storm Form
 32644 | Vaults:1 | Reached XP level 22. HP: 165/165 MP: 34/34
 32646 | Vaults:1 | Reached skill level 1 in Air Magic
 32784 | Vaults:1 | HP: 6/249 [ironbound thunderhulk/bolt of lightning[a vault
                  | warden] (48)]
 32906 | Vaults:1 | Identified the +5 scale mail of Raijou Weeff {rC+++ Dex+4}
 33038 | Vaults:1 | Reached skill level 10 in Dodging
 33287 | Vaults:1 | Lost mutation: You are agile. (Dex +4, Str/Int -1) [Jiyva's
                  | grace]
 33287 | Vaults:1 | Lost mutation: Your flesh is very cold resistant. (rC++)
                  | [Jiyva's grace]
 33287 | Vaults:1 | Lost mutation: You regenerate. [Jiyva's grace]
 33287 | Vaults:1 | Lost mutation: You have acidic saliva. [Jiyva's grace]
 33287 | Vaults:1 | Lost mutation: You have a small jelly attached to you that
                  | may absorb projectiles. [Jiyva's grace]
 33287 | Vaults:1 | Gained mutation: You have a small jelly attached to you
                  | that senses nearby items. [Jiyva's grace]
 33287 | Vaults:1 | Gained mutation: You are partially covered in iridescent
                  | scales. (AC +2) [Jiyva's grace]
 33287 | Vaults:1 | Gained mutation: You are mostly covered in iridescent
                  | scales. (AC +4) [Jiyva's grace]
 33287 | Vaults:1 | Gained mutation: You are completely covered in iridescent
                  | scales. (AC +6) [Jiyva's grace]
 33624 | Vaults:1 | Found Bofawac's Assorted Antiques.
 34017 | Vaults:2 | Found Vutrel's Assorted Antiques.
 34092 | Vaults:2 | Identified the +0 robe "Secefen" {rPois rF+ Will+ Dex-2}
 34318 | Vaults:2 | Found a staircase to the Crypt.
 34318 | Vaults:2 | Found an ancient bone altar of Kikubaaqudgha.
 34318 | Vaults:2 | Found a basalt altar of Yredelemnul.
 34634 | Vaults:3 | Reached skill level 5 in Air Magic
 34793 | Vaults:3 | You are sucked into a shaft and drop 1 floor!
 34813 | Vaults:4 | Reached XP level 23. HP: 174/174 MP: 35/35
 34921 | Vaults:3 | Lost mutation: You have a pair of small antennae on your
                  | head. [Jiyva's grace]
 34921 | Vaults:3 | Lost mutation: You passively map a small area around you.
                  | [Jiyva's grace]
 34921 | Vaults:3 | Lost mutation: You have a small jelly attached to you that
                  | senses nearby items. [Jiyva's grace]
 34921 | Vaults:3 | Gained mutation: You are strong-willed. (Will+) [Jiyva's
                  | grace]
 34921 | Vaults:3 | Gained mutation: You are highly strong-willed. (Will++)
                  | [Jiyva's grace]
 34921 | Vaults:3 | Gained mutation: You are extremely strong-willed. (Will+++)
                  | [Jiyva's grace]
 34921 | Vaults:3 | Gained mutation: You regenerate. [Jiyva's grace]
 35644 | Vaults:3 | Identified the ring "Ehaerorgh" {Fly Int+3}
 36043 | Elf:1    | Entered Level 1 of the Elven Halls
 36400 | Elf:1    | Reached skill level 10 in Translocations
 36645 | Elf:1    | Paralysed by an air elemental for 1 turns
 37049 | Elf:2    | Found a radiant altar of Vehumet.
 37050 | Elf:2    | Gained mutation: Your body sometimes deteriorates upon
                  | taking damage. [mutagenic glow]
 37062 | Elf:2    | Paralysed by an air elemental for 1 turns
 37065 | Elf:1    | Gained mutation: You are clumsy. (Dex -2) [mutagenic glow]
 37078 | Elf:1    | Lost mutation: You regenerate. [mutagenic glow]
 37133 | Elf:2    | Identified the +3 leather armour of Plasticity {rN+}
 37240 | Elf:2    | Found a runed translucent gate.
 37241 | Elf:2    | Found a runed translucent gate.
 37245 | Elf:2    | Found a runed translucent gate.
 37391 | Elf:2    | Lost mutation: You are completely covered in iridescent
                  | scales. (AC +6) [Jiyva's grace]
 37391 | Elf:2    | Lost mutation: Your flesh is cold resistant. (rC+) [Jiyva's
                  | grace]
 37391 | Elf:2    | Lost mutation: Your magical capacity is low. (-10% MP)
                  | [Jiyva's grace]
 37391 | Elf:2    | Lost mutation: You expend magic power (3 MP) to strengthen
                  | your wands. [Jiyva's grace]
 37391 | Elf:2    | Gained mutation: Your mind is acute. (Int +4, Str/Dex -1)
                  | [Jiyva's grace]
 37391 | Elf:2    | Gained mutation: Your mind is very acute. (Int +8, Str/Dex
                  | -2) [Jiyva's grace]
 37391 | Elf:2    | Gained mutation: You have a beak for a mouth. [Jiyva's
                  | grace]
 37391 | Elf:2    | Lost mutation: You are clumsy. (Dex -2) [Jiyva's grace]
 37655 | Elf:2    | Found Iteaset's Magic Scroll Boutique.
 37658 | Elf:2    | Bought a scroll of teleportation for 42 gold pieces
 38160 | Elf:3    | Entered Level 3 of the Elven Halls
 38254 | Elf:3    | Reached XP level 24. HP: 182/182 MP: 39/39
 38300 | Elf:3    | Found a magical portal.
 38314 | Elf:3    | Noticed Donald
 38323 | Elf:3    | Killed Donald
 38345 | WizLab   | Entered The Roulette of Golubria
 38345 | WizLab   | Found a transporter.
 38350 | WizLab   | Found the +1 cloak of Starlight {*Dazzle EV+4 Stlth--}
 38350 | WizLab   | Found a corrupted altar of Lugonu.
 38368 | WizLab   | Found a transporter.
 38389 | WizLab   | Found a transporter.
 38430 | WizLab   | Found a transporter.
 38480 | WizLab   | Found a transporter.
 38511 | WizLab   | Found a transporter.
 38526 | WizLab   | Found a transporter.
 38527 | WizLab   | Found a transporter.
 38545 | WizLab   | Found a transporter.
 38545 | WizLab   | Found a transporter.
 38585 | WizLab   | Found a transporter.
 38585 | WizLab   | Found a transporter.
 38610 | WizLab   | Found a transporter.
 38610 | WizLab   | Found a transporter.
 38625 | WizLab   | Found a transporter.
 38686 | WizLab   | Found a transporter.
 38686 | WizLab   | Found a transporter.
 38686 | WizLab   | Found a corrupted altar of Lugonu.
 38706 | WizLab   | Got Golubria's Secrets of Superposition
 38757 | WizLab   | Found a transporter.
 38810 | WizLab   | Found a transporter.
 38818 | WizLab   | Got Golubria's Directory of the Voyage
 38829 | WizLab   | Identified the -1 cloak of Vanity {rElec rF- Stlth+}
 38830 | WizLab   | Identified the +2 cloak of Majestic Joy {-Cast rN+ rCorr}
 38855 | WizLab   | Found a transporter.
 38904 | WizLab   | Found a corrupted altar of Lugonu.
 39522 | Elf:3    | Identified the +1 flail "Laykh" {drain, rPois}
 39620 | Elf:3    | Identified the +0 plate armour of the Skies Above {Will+
                  | Int+3}
 39690 | Elf:3    | Identified the staff of death "Teotaleu" {rN+ Dex+2}
 39807 | Elf:3    | Identified the +6 short sword of an ice cave {drain,
                  | Fragile rPois Str+7 SInv}
 39807 | Elf:3    | Identified the +3 buckler "Qusko" {Rampage rPois Regen+
                  | Str+4}
 39818 | Elf:3    | Identified the +6 battleaxe of Blood {vamp, rPois rN+
                  | Will+}
 39921 | Elf:3    | Got the Thoughts on Enthralling Nephomancy
 39957 | Elf:3    | Got the Dissertation on the Productive Iceberg
 39964 | Elf:3    | Identified the +0 ring mail "Dory" {rC- Will++}
 39966 | Elf:3    | Identified the staff of death "Loshosi" {Drain +Blink rPois
                  | rC+ rN+}
 39974 | Elf:3    | Got Canuw's Folio of the Throng
 39976 | Elf:3    | Identified the staff of fire "Fetwiess" {rF+ rC+ Str+3
                  | Stlth-}
 39981 | Elf:3    | Identified the staff of fire "Eshynwoarch" {rElec rF+}
 40157 | Elf:1    | Learned a level 3 spell: Vhi's Electric Charge
 40343 | Crypt:1  | Entered Level 1 of the Crypt
 40463 | Crypt:1  | Noticed Margery
 40468 | Crypt:1  | Killed Margery
 40548 | Crypt:1  | Reached skill level 10 in Air Magic
 40816 | Crypt:1  | Lost mutation: You are mostly covered in iridescent scales.
                  | (AC +4) [Jiyva's grace]
 40816 | Crypt:1  | Lost mutation: You are extremely strong-willed. (Will+++)
                  | [Jiyva's grace]
 40816 | Crypt:1  | Lost mutation: You are highly strong-willed. (Will++)
                  | [Jiyva's grace]
 40816 | Crypt:1  | Lost mutation: You heal very quickly. [Jiyva's grace]
 40816 | Crypt:1  | Lost mutation: You are covered in slimy tendrils that may
                  | disarm your opponents. [Jiyva's grace]
 40816 | Crypt:1  | Gained mutation: You are agile. (Dex +4, Str/Int -1)
                  | [Jiyva's grace]
 40816 | Crypt:1  | Gained mutation: You are very agile. (Dex +8, Str/Int -2)
                  | [Jiyva's grace]
 40816 | Crypt:1  | Gained mutation: You are somewhat resistant to further
                  | mutation. [Jiyva's grace]
 40816 | Crypt:1  | Gained mutation: You are somewhat resistant to both further
                  | mutation and mutation removal. [Jiyva's grace]
 41658 | Crypt:2  | Noticed a royal mummy
 41658 | Crypt:2  | Noticed Khufu
 41665 | Crypt:2  | Noticed a royal mummy
 41670 | Crypt:2  | Killed Khufu
 41678 | Crypt:2  | Killed a royal mummy
 41729 | Crypt:2  | Killed a royal mummy
 41734 | Crypt:2  | Reached XP level 25. HP: 190/190 MP: 36/39
 42105 | Crypt:3  | Entered Level 3 of the Crypt
 42150 | Crypt:3  | Noticed Vv
 42170 | Crypt:3  | Killed Vv
 42734 | Crypt:3  | Identified the ring of Teudua Fitoc {rN+ Will+}
 42734 | Crypt:3  | Noticed Jory
 42741 | Crypt:3  | Killed Jory
 43064 | Crypt:3  | Found a staircase to the Tomb.
 43223 | Crypt:3  | Lost mutation: You are very agile. (Dex +8, Str/Int -2)
                  | [Jiyva's grace]
 43223 | Crypt:3  | Lost mutation: Your body sometimes deteriorates upon taking
                  | damage. [Jiyva's grace]
 43223 | Crypt:3  | Lost mutation: You are somewhat resistant to both further
                  | mutation and mutation removal. [Jiyva's grace]
 43223 | Crypt:3  | Gained mutation: You are covered in slimy tendrils that may
                  | disarm your opponents. [Jiyva's grace]
 43223 | Crypt:3  | Lost mutation: You have a beak for a mouth. [Jiyva's grace]
 43223 | Crypt:3  | Gained mutation: You have very sharp teeth. [Jiyva's grace]
 43223 | Crypt:3  | Gained mutation: You have extremely sharp teeth. [Jiyva's
                  | grace]
 43223 | Crypt:3  | Gained mutation: You have razor-sharp teeth. [Jiyva's
                  | grace]
 43432 | Crypt:3  | Identified the ring of the Ancient Hosts {rN+ Int+2 Dex+2}
 43437 | Crypt:3  | Identified the +9 lajatang "Otaemam" {vamp, Drain rElec
                  | rCorr Str+3}
 43452 | Crypt:3  | Identified the +3 gold dragon scales "Tadok" {+Inv rPois
                  | rF+ rC+ Regen+ Dex+5}
 43836 | Slime:1  | Entered Level 1 of the Pits of Slime
 44081 | Slime:5  | Entered Level 5 of the Pits of Slime
 44240 | Slime:5  | Noticed the Royal Jelly
 44272 | Slime:5  | Found a viscous altar of Jiyva.
 44281 | Slime:5  | Got a slimy rune of Zot
 44290 | Slime:5  | Identified the ring "Idoiruy" {rPois rN+ Slay+2}
 44294 | Slime:5  | Found the +4 consecrated labrys {holy, Valiant Fragile Fly
                  | SInv}
 44301 | Slime:5  | Identified the orb of Incorporation {*Rage, rPois rCorr
                  | Str-4 Dex-4}
 44316 | Slime:5  | Identified the staff of conjuration "Itaefies" {Fragile
                  | rElec Dex+5 Stlth+}
 44501 | Lair:3   | Learned a level 3 spell: Ozocubu's Armour
 45402 | Vaults:4 | Identified the +5 mace of Liraidgh {protect, rF- rN+ Will+
                  | Str+2}
 45476 | Vaults:4 | Found a portal to a secret trove of treasure.
 45623 | Vaults:4 | Found a radiant altar of Vehumet.
 45635 | Vaults:4 | Identified the +2 hat "Eriekis" {Int+3}
 45733 | Vaults:4 | Identified the +2 hat "Siynk" {Dex+5}
 46014 | Vaults:5 | Entered Level 5 of the Vaults
 46020 | Vaults:5 | Identified the ring of Qiujir {AC+4 Str-5 Int+4 Stlth+}
 46026 | Vaults:5 | Reached XP level 26. HP: 175/200 MP: 36/39
 46378 | Vaults:5 | Noticed an ancient lich
 46383 | Vaults:5 | Killed an ancient lich
 46400 | Vaults:5 | Found the +6 Majin-Bo {spellvamp, MP+6 Int+6}
 46472 | Vaults:5 | Lost mutation: You have razor-sharp teeth. [Jiyva's grace]
 46472 | Vaults:5 | Lost mutation: You are agile. (Dex +4, Str/Int -1) [Jiyva's
                  | grace]
 46472 | Vaults:5 | Lost mutation: Your mind is very acute. (Int +8, Str/Dex
                  | -2) [Jiyva's grace]
 46472 | Vaults:5 | Lost mutation: Your natural rate of healing is unusually
                  | fast. [Jiyva's grace]
 46472 | Vaults:5 | Lost mutation: You are covered in fur. (AC +1) [Jiyva's
                  | grace]
 46472 | Vaults:5 | Gained mutation: You are mostly covered in iridescent
                  | scales. (AC +4) [Jiyva's grace]
 46472 | Vaults:5 | Gained mutation: You are completely covered in iridescent
                  | scales. (AC +6) [Jiyva's grace]
 46472 | Vaults:5 | Gained mutation: One of your tentacles bears a spike.
                  | [Jiyva's grace]
 46472 | Vaults:5 | Gained mutation: One of your tentacles bears a nasty spike.
                  | [Jiyva's grace]
 46519 | Vaults:5 | Identified the staff of conjuration "Ufofid" {rPois MP+9}
 46542 | Vaults:5 | Noticed an ancient lich
 46550 | Vaults:5 | Killed an ancient lich
 46623 | Vaults:5 | Identified the staff of poison "Vinkaunou" {+Blink rPois
                  | rF- rC+}
 46625 | Vaults:5 | Identified the ring of Dyatups {rPois rCorr Int+6}
 46629 | Vaults:5 | Identified the +6 longbow of Katez {drain, rPois Dex+2}
 46784 | Vaults:5 | Identified the +1 battleaxe of Fee Simple {holy, +Blink rC-
                  | Will+}
 46966 | Vaults:5 | Noticed an ancient lich
 46974 | Vaults:5 | Killed an ancient lich
 47142 | Vaults:5 | Got the Opusculum on the Panacea and Space
 47236 | Vaults:5 | Identified the +3 sling of the Thing {heavy, Dex+3}
 47306 | Vaults:5 | Identified the +7 spear of Corporal Punishment {drain, rN+}
 47473 | Vaults:5 | Got a silver rune of Zot
 47474 | Vaults:5 | Identified the +9 sling of Slimy Valour {speed, Fly rElec
                  | Str+4 Dex-2}
 47886 | Lair:5   | Voluntarily entered the Abyss.
 47893 | Abyss:1  | Found a broken altar of Ashenzari.
 47927 | Abyss:1  | Found a broken altar of Ashenzari.
 48148 | Abyss:2  | Lost mutation: You have extremely sharp teeth. [Jiyva's
                  | grace]
 48148 | Abyss:2  | Lost mutation: You are completely covered in iridescent
                  | scales. (AC +6) [Jiyva's grace]
 48148 | Abyss:2  | Lost mutation: You are somewhat resistant to further
                  | mutation. [Jiyva's grace]
 48148 | Abyss:2  | Lost mutation: Your melee attacks may engulf your foes in
                  | ooze. [Jiyva's grace]
 48148 | Abyss:2  | Gained mutation: Your pliable body absorbs attacks. (AC +2,
                  | EV +2) [Jiyva's grace]
 48148 | Abyss:2  | Gained mutation: Your gelatinous body deflects attacks. (AC
                  | +3, EV +3) [Jiyva's grace]
 48148 | Abyss:2  | Gained mutation: Your mind is very acute. (Int +8, Str/Dex
                  | -2) [Jiyva's grace]
 48148 | Abyss:2  | Gained mutation: You have acidic saliva. [Jiyva's grace]
 48208 | Abyss:3  | Found a corrupted altar of Lugonu.
 48209 | Abyss:3  | Found a corrupted altar of Lugonu.
 48313 | Abyss:3  | Noticed a dread lich
 48325 | Abyss:3  | Killed a dread lich
 48417 | Abyss:3  | Found a corrupted altar of Lugonu.
 48583 | Abyss:3  | Reached XP level 27. HP: 204/209 MP: 39/39
 48890 | Abyss:3  | Lost mutation: You are mostly covered in iridescent scales.
                  | (AC +4) [Jiyva's grace]
 48890 | Abyss:3  | Lost mutation: Your mind is very acute. (Int +8, Str/Dex
                  | -2) [Jiyva's grace]
 48890 | Abyss:3  | Lost mutation: Your gelatinous body deflects attacks. (AC
                  | +3, EV +3) [Jiyva's grace]
 48890 | Abyss:3  | Lost mutation: Your pliable body absorbs attacks. (AC +2,
                  | EV +2) [Jiyva's grace]
 48890 | Abyss:3  | Gained mutation: Your flesh is cold resistant. (rC+)
                  | [Jiyva's grace]
 48890 | Abyss:3  | Gained mutation: Your flesh is very cold resistant. (rC++)
                  | [Jiyva's grace]
 48890 | Abyss:3  | Gained mutation: Your flesh is almost immune to the effects
                  | of cold. (rC+++) [Jiyva's grace]
 48890 | Abyss:3  | Gained mutation: You have a pair of small antennae on your
                  | head. [Jiyva's grace]
 48987 | Abyss:3  | Got an abyssal rune of Zot
 49195 | Lair:5   | Escaped the Abyss
 49505 | Hell     | Entered the Vestibule of Hell
 49505 | Hell     | Noticed Geryon
 49513 | Hell     | Killed Geryon
 49537 | Hell     | Reached skill level 15 in Air Magic
 49790 | Hell     | Found a gateway to the ashen valley of Gehenna.
 49836 | Hell     | Found a gateway to the Iron City of Dis.
 49904 | Hell     | Found a gateway to the freezing wastes of Cocytus.
 49947 | Hell     | Lost mutation: One of your tentacles bears a nasty spike.
                  | [Jiyva's grace]
 49947 | Hell     | Lost mutation: Your mind is acute. (Int +4, Str/Dex -1)
                  | [Jiyva's grace]
 49947 | Hell     | Lost mutation: Your flesh is almost immune to the effects
                  | of cold. (rC+++) [Jiyva's grace]
 49947 | Hell     | Lost mutation: Your flesh is very cold resistant. (rC++)
                  | [Jiyva's grace]
 49947 | Hell     | Lost mutation: You have acidic saliva. [Jiyva's grace]
 49947 | Hell     | Gained mutation: You expend magic power (3 MP) to
                  | strengthen your wands. [Jiyva's grace]
 49947 | Hell     | Gained mutation: Your pliable body absorbs attacks. (AC +2,
                  | EV +2) [Jiyva's grace]
 49947 | Hell     | Gained mutation: Your gelatinous body deflects attacks. (AC
                  | +3, EV +3) [Jiyva's grace]
 49947 | Hell     | Gained mutation: Armour fits poorly on your pseudopods.
                  | [Jiyva's grace]
 49983 | Hell     | Found a gateway to the decaying netherworld of Tartarus.
 50172 | Zot:1    | Entered Level 1 of the Realm of Zot
 51003 | Zot:1    | Learned a level 3 spell: Swiftness
 52166 | Zot:3    | Lost mutation: Your gelatinous body deflects attacks. (AC
                  | +3, EV +3) [Jiyva's grace]
 52166 | Zot:3    | Lost mutation: You are covered in slimy tendrils that may
                  | disarm your opponents. [Jiyva's grace]
 52166 | Zot:3    | Lost mutation: You expend magic power (3 MP) to strengthen
                  | your wands. [Jiyva's grace]
 52166 | Zot:3    | Gained mutation: You are highly strong-willed. (Will++)
                  | [Jiyva's grace]
 52166 | Zot:3    | Gained mutation: You are extremely strong-willed. (Will+++)
                  | [Jiyva's grace]
 52166 | Zot:3    | Gained mutation: Your system is resistant to poisons.
                  | (rPois) [Jiyva's grace]
 52166 | Zot:3    | Gained mutation: Your flesh is heat resistant. (rF+)
                  | [Jiyva's grace]
 52633 | Zot:4    | Noticed an orb of fire
 52872 | Zot:4    | Gained mutation: You are frail. (-10% HP) [an orb of fire]
 52877 | Zot:4    | Killed an orb of fire
 53317 | Zot:4    | Identified the +2 leather armour of a sewer {*Corrode rF++}
 53529 | Zot:5    | Entered Level 5 of the Realm of Zot
 53866 | Zot:5    | Noticed an ancient lich
 53876 | Zot:5    | Noticed an orb of fire
 53878 | Zot:5    | Killed an ancient lich
 53889 | Zot:5    | Killed an orb of fire
 53908 | Zot:5    | Noticed an orb of fire
 53921 | Zot:5    | Killed an orb of fire
 54102 | Zot:5    | Noticed an orb of fire
 54104 | Zot:5    | Noticed a dread lich
 54107 | Zot:5    | Gained mutation: You sometimes lose your temper in combat.
                  | [an orb of fire]
 54108 | Zot:5    | Killed an orb of fire
 54109 | Zot:5    | Noticed an orb of fire
 54112 | Zot:5    | Killed a dread lich
 54122 | Zot:5    | Killed an orb of fire
 54138 | Zot:5    | Noticed a dread lich
 54148 | Zot:5    | Killed a dread lich
 54212 | Zot:5    | Noticed a dread lich
 54223 | Zot:5    | Killed a dread lich
 54559 | Depths:3 | Lost mutation: You are frail. (-10% HP) [potion of
                  | mutation]
 54559 | Depths:3 | Lost mutation: You have a pair of small antennae on your
                  | head. [potion of mutation]
 54559 | Depths:3 | Lost mutation: Your system is resistant to poisons. (rPois)
                  | [potion of mutation]
 54559 | Depths:3 | Lost mutation: You sometimes lose your temper in combat.
                  | [potion of mutation]
 54602 | Pan      | Entered Pandemonium
 54627 | Pan      | Lost mutation: Armour fits poorly on your pseudopods.
                  | [Jiyva's grace]
 54627 | Pan      | Gained mutation: You are covered in slimy tendrils that may
                  | disarm your opponents. [Jiyva's grace]
 54627 | Pan      | Gained mutation: You have a pair of small antennae on your
                  | head. [Jiyva's grace]
 54627 | Pan      | Gained mutation: You have a pair of antennae on your head.
                  | [Jiyva's grace]
 54627 | Pan      | Gained mutation: You have a pair of large antennae on your
                  | head. (SInv) [Jiyva's grace]
 54822 | Pan      | Found a glowing silver altar of Zin.
 55360 | Pan      | Found a white marble altar of Elyvilon.
 55713 | Pan      | Identified the +3 chain mail of Usaudafe {Int+7 Dex-4}
 55825 | Pan      | Noticed a seraph
 55834 | Pan      | Killed a seraph
 55895 | Pan      | Found a glowing golden altar of the Shining One.
 55939 | Pan      | Identified the ring "Sypinkob" {rElec Int+6 Stlth+}
 55947 | Pan      | Identified the +0 steam dragon scales "Geish" {+Inv rF+
                  | Str+3}
 55950 | Pan      | Identified the staff of cold "Akhosoasm" {Fragile rF+++ rC+
                  | Str+3}
 55958 | Pan      | Got a demonic rune of Zot
 55960 | Pan      | Identified the +1 falchion of Zouhept {heavy, Int+2 Dex+3}
 55962 | Pan      | Identified the amulet "Akhacynn" {Faith rPois rC+}
 55967 | Pan      | Identified the staff of death "Tuigeoti" {rN+ Dex+2}
 55969 | Pan      | Identified the ring of Atworgh {rPois Str+3}
 56123 | Pan      | Entered the realm of Lom Lobon.
 56343 | Pan      | Learned a level 8 spell: Maxwell's Capacitive Coupling
 56408 | Pan      | Identified the +4 quarterstaff of Bikon {antimagic, Fragile
                  | rF+ Will+ Dex+2}
 56672 | Pan      | Noticed Lom Lobon
 56721 | Pan      | Killed Lom Lobon
 56744 | Pan      | Got a magical rune of Zot
 56951 | Pan      | Noticed Muquseg the pandemonium lord
 56958 | Pan      | Killed Muquseg the pandemonium lord
 56981 | Pan      | Identified the staff of conjuration "Commesya" {rElec
                  | Int+3}
 56983 | Pan      | Acquired the Omnibus of the Variable Graveyard
 57088 | Pan      | Lost mutation: One of your tentacles bears a spike.
                  | [Jiyva's grace]
 57088 | Pan      | Lost mutation: You are partially covered in iridescent
                  | scales. (AC +2) [Jiyva's grace]
 57088 | Pan      | Lost mutation: Your flesh is heat resistant. (rF+) [Jiyva's
                  | grace]
 57088 | Pan      | Lost mutation: You are extremely strong-willed. (Will+++)
                  | [Jiyva's grace]
 57088 | Pan      | Lost mutation: Your pliable body absorbs attacks. (AC +2,
                  | EV +2) [Jiyva's grace]
 57088 | Pan      | Gained mutation: You have a small jelly attached to you
                  | that senses nearby items. [Jiyva's grace]
 57088 | Pan      | Gained mutation: Your melee attacks may engulf your foes in
                  | ooze. [Jiyva's grace]
 57088 | Pan      | Gained mutation: You are partially covered in iridescent
                  | scales. (AC +2) [Jiyva's grace]
 57088 | Pan      | Gained mutation: You are mostly covered in iridescent
                  | scales. (AC +4) [Jiyva's grace]
 57171 | Pan      | Noticed Ukhlisch the pandemonium lord
 57181 | Pan      | Killed Ukhlisch the pandemonium lord
 57484 | Pan      | Gained mutation: You sometimes lose your temper in combat.
                  | [a neqoxec]
 57690 | Pan      | Noticed Sunir the pandemonium lord
 57703 | Pan      | Killed Sunir the pandemonium lord
 57738 | Pan      | Identified the staff of conjuration "Aqenos" {rC+}
 57773 | Pan      | Noticed Faovehi the pandemonium lord
 57785 | Pan      | Killed Faovehi the pandemonium lord
 57918 | Pan      | Lost mutation: You have a pair of large antennae on your
                  | head. (SInv) [Jiyva's grace]
 57918 | Pan      | Lost mutation: You sometimes lose your temper in combat.
                  | [Jiyva's grace]
 57918 | Pan      | Lost mutation: You are highly strong-willed. (Will++)
                  | [Jiyva's grace]
 57918 | Pan      | Lost mutation: You are covered in slimy tendrils that may
                  | disarm your opponents. [Jiyva's grace]
 57918 | Pan      | Gained mutation: You expend magic power (3 MP) to
                  | strengthen your wands. [Jiyva's grace]
 57918 | Pan      | Gained mutation: You have a pair of large antennae on your
                  | head. (SInv) [Jiyva's grace]
 57918 | Pan      | Gained mutation: Your flesh is very cold resistant. (rC++)
                  | [Jiyva's grace]
 57918 | Pan      | Gained mutation: Your flesh is almost immune to the effects
                  | of cold. (rC+++) [Jiyva's grace]
 58055 | Pan      | Noticed Elug the pandemonium lord
 58062 | Pan      | Killed Elug the pandemonium lord
 58127 | Pan      | Noticed Yprosiuh the pandemonium lord
 58131 | Pan      | Killed from afar by Yprosiuh the pandemonium lord

Illustrated notes

Levels and vault maps discovered:
D:1:      dpeg_arrival_tiny_f, layout_basic, minmay_pentomino_p4
D:2:      layout_loops_ring, basic_altar, uniq_natasha
D:3:      layout_loops_ring, amcnicky_mini_corridor_feature
D:4:      layout_loops_ring, mainiacjoe_overflow_tiny_flanked, minmay_unequal,
          uniq_sigmund, uniq_eustachio, uniq_duvessa
D:5:      layout_loops_corners, elyvilon_altar_4,
          nicolae_ossuary_entry_catacombs, minmay_misc_feat_cross,
          hangedman_minor_gate_pass
D:6:      layout_rooms, mainiacjoe_overflow_catwalk, minmay_temple_entry_hall,
          hangedman_abyss_or_decor_stagger
D:7:      layout_basic, gammafunk_ghost_nasty_kobolds, uniq_menkaure
D:8:      layout_basic, minmay_quadrilaterals
D:9:      layout_loops_corners, kennysheep_little_box, old_standard_altar,
          chequers_temple_overflow_statue_of_worship,
          mainiacjoe_overflow_alcove_4, nicolae_overflow_squiral,
          dpeg_lair_monsters, serial_shops, nicolae_shop_window_shopping,
          nicolae_titane
D:10:     layout_stronghold, mainiacjoe_overflow_six_doors_small,
          enter_bailey_3, pond
D:11:     layout_rooms
D:12:     layout_stronghold, kennysheep_orc_monster_closet_entryway,
          nicolae_figureground_sparkle, uniq_lodul
D:13:     layout_rooms, grunt_vaults_entry_tiered, uniq_kirke
D:14:     layout_small_grid, hangedman_abyss_or_decor_lesser_grid,
          nicolae_ru_awakened_eye
D:15:     gammafunk_depths_entry_grave, layout_loops_ring, grunt_ministairs_2
Temple:   pf_slime_end_temple
Lair:1:   layout_gridlike, nicolae_volcano_entry_s_turn,
          infiniplex_staircase_pool_2, grunt_megastairs_3, uniq_harold,
          uniq_joseph
Lair:2:   layout_cave_pods, spider_nest_entry_rubble
Lair:3:   layout_loops_ring, minmay_swamp_entry_eels, eino_house_with_fridge
Lair:4:   layout_hall_layers, minmay_slime_entry_jelly_boxes,
          lemuel_fruit_fields
Lair:5:   hellmonk_lair_end_abyssal_woods, layout_hall_layers,
          minmay_lindwurm_lava
Swamp:1:  layout_basic_swamp, evilmike_swamp_ruin_house_6, swamp_pool5,
          uniq_louise
Swamp:2:  layout_basic_swamp, evilmike_swamp_ruin_house_2, swamp_pool1,
          nicolae_swamp_bunyip_nook
Swamp:3:  layout_basic_swamp, evilmike_swamp_ruin_wall, swamp_pool3
Swamp:4:  swamp, layout_basic_swamp, swamp_pool3, nicolae_swamp_some_circles,
          uniq_mlioglotl
Spider:1: layout_spider_delve
Spider:2: layout_chambers, nicolae_spider_not_touching_you
Spider:3: layout_cave_pods, uniq_arachne
Spider:4: spider_rune_water, portal_ice_cave_entry_ugly_swarm
Slime:1:  layout_caves
Slime:2:  layout_caves, nicolae_slime_phagocytosis
Slime:3:  layout_caves
Slime:4:  layout_caves
Slime:5
Orc:1:    layout_caves, nicolae_shop_vocational, uniq_maurice, uniq_urug,
          uniq_josephine
Orc:2:    grunt_orc_gardens, layout_caves, grunt_orc_garden, grunt_orc_garden,
          grunt_orc_garden, grunt_orc_garden, uniq_sonja
Elf:1:    minmay_elf_arrival_circle, layout_loops_corners,
          hangedman_elven_crosses_minicolossus
Elf:2:    elven_hall_of_blades_hangedman_original
          [infiniplex_blade_entry_pillars], layout_loops_ring, basic_altar,
          serial_shops, nicolae_shop_rolled_up
Elf:3:    elf_hall, layout_geoelf_diagonals, lightli_enter_wizlab_magi_temple,
          grunt_megastairs_5, uniq_donald
Vaults:1: v_misc_5, hangedman_vaults_impose,
          nicolae_vaults_windows_and_doors_thing, ontoclasm_vaults_ring_square,
          nicolae_vaults_twisting_passages, v_alt_pattern_1, v_misc_5,
          nicolae_vaults_tetromino_Z_1, v_alt_pattern_2,
          nicolae_vaults_double_plus_3, hangedman_vaults_corner_blocks,
          dpeg_vaults_monster_box, vaults_room_guarded_vault,
          layout_vaults_maze_snakey, serial_shops, shop
Vaults:2: hangedman_vaults_unwind, minmay_crypt_entry_necro_gods,
          nicolae_vaults_cornered_office, nicolae_vaults_diamond_2,
          nicolae_vaults_tetromino_T_2, vaults_dpeg_ring, v_misc_22,
          nicolae_vaults_diamond_1, layout_vaults_big_room, serial_shops,
          shop_statue
Vaults:3: nicolae_vaults_offset_grid_hallway_3, nicolae_vaults_weapon_check,
          v_pattern_4, nicolae_vaults_variable_pillar_hall,
          hangedman_vaults_maws, vaults_room_pools, ontoclasm_vaults_twist,
          nicolae_vaults_closet_pinwheel_4, ontoclasm_vaults_decontamination,
          nicolae_vaults_offset_grid_hallway_4, nicolae_vaults_heist, v_misc_27,
          nicolae_vaults_murderbox, nicolae_vaults_asterisk,
          nicolae_vaults_theta, layout_vaults_omnicross
Vaults:4: nicolae_vaults_tetromino_L_1, vaults_room_grunt_arrival_ludios,
          vaults_room_octagon, nicolae_vaults_little_squares_5,
          grunt_tower_of_power, v_misc_28, nicolae_vaults_closet_pinwheel_2,
          layout_vaults_omnigrid, enter_trove_0
Vaults:5: serial_shops
Crypt:1:  layout_catacombs, grunt_crypt_arrival_split, uniq_margery
Crypt:2:  layout_misc_corridors, uniq_khufu
Crypt:3:  due_elkab, layout_chaotic_city, tomb_entry_shell_bobbens, uniq_vv
Depths:1: layout_cave_pools, enter_ziggurat_f, serial_shops, nicolae_shop_trees,
          chequers_serial_rivers_micro_e, grunt_hell_entry_dis_old, abyss_entry,
          minmay_hollow_rounded_squares, serial_bayou_shore_a
Depths:2: minmay_the_grid_3x2 [minmay_the_grid_empty, minmay_the_grid_mess,
          minmay_the_grid_diamond_grid, minmay_the_grid_box_x,
          minmay_the_grid_paths, minmay_the_grid_prize_inner_circle],
          layout_cross, hell_entry, nzn_hepliaklqana_mist_gate,
          grunt_pan_entry_zigzag, infiniplex_staircase_split_hallway,
          uniq_asterion, uniq_aizul, uniq_josephina, uniq_mara
Depths:3: minmay_central_circle, layout_honeycomb, pf_dread_powers_of_hell,
          abyss_entry, kiku_gazebo_garden_becter, kennysheep_generic_room_7
Depths:4: lemuel_castle_with_subvaults [lemuel_castle_interior_carwin_2],
          layout_cave_shapes, serial_column_ruins, column_ruins_portal_hut,
          column_ruins_grid_1, column_ruins_open_tiny, column_ruins_open_tiny,
          column_ruins_columns_corner, nicolae_benzene_ring,
          nicolae_hell_entry_hellmouth_sunbeams, abyss_entry, drop_trap,
          grunt_ministairs_3
Hell
Zot:1:    layout_gridville
Zot:2:    layout_basic
Zot:3:    layout_gridlike, grunt_megastairs_1
Zot:4:    layout_cathedral_of_symmetry, st_large_dragon_hoard_1
Zot:5:    layout_misc_corridors
Pan:      evilmike_holy_pan, lom_lobon_st, layout_gridlike,
          evilmike_mini_pan_doors, layout_rooms, pan_blood_fountain,
          evilmike_mini_pan_pillars, layout_pan_divisions_a
          [pan_division_quadrant_a5, pan_division_quadrant_a6,
          pan_division_quadrant_a3, pan_division_quadrant_a4,
          pan_division_octagon_empty], rand_demon_4, layout_rooms,
          nicolae_pan_gloorx_vloqian_4, nicolae_pan_glass_arcs,
          layout_stronghold, nicolae_pan_strange_glyphs
          [nicolae_pan_strange_glyph_spite,
          nicolae_pan_strange_glyph_disappointment,
          nicolae_pan_strange_glyph_despair, nicolae_pan_strange_glyph_fear],
          evilmike_mini_pan_murderfest, layout_irregular_city,
          evilmike_mini_pan_layers, layout_irregular_city, rand_demon_5,
          layout_irregular_city, pan_blood_fountain_small,
          nicolae_pan_hourglass, layout_basic, pan_blood_fountain,
          evilmike_mini_pan_doors, layout_rooms, evilmike_mini_pan_branches,
          layout_chambers, grunt_pan_zigzag, layout_gridville,
          nicolae_pan_sigil_itan, grunt_pan_sceptre, layout_chambers,
          reaverb_pan_squares, grunt_pan_in_and_out, layout_pan_divisions_b
          [pan_division_quadrant_b1, pan_division_quadrant_b3,
          pan_division_quadrant_b6, pan_division_quadrant_b3], rand_demon_5,
          layout_cellular_growth

Skill      XL: |  1  2  3  4  5  6  7  8  9 10 11 12 13 14 15 16 17 18 19 20 21 22 23 24 25 26 27 |
---------------+----------------------------------------------------------------------------------+-----
Fighting       | 2 3 4 5 6 7 8 9 11 12 13 14 15 16 17 18 19 20 21 22 25 | 25.7
Transmutations | 3 4 5 6 7 8 10 11 12 13 14 15 16 17 18 19 20 21 22 25 | 25.7
Spellcasting   | 3 4 6 7 8 9 10 11 12 | 12.1
Unarmed Combat | 4 5 7 8 9 10 11 12 14 15 16 17 18 19 20 21 22 25 | 25.8
Ice Magic      | 1 2 3 4 5 6 8 9 10 | 10.9
Hexes          | 3 5 7 9 |  9.0
Stealth        | 6 8 |  8.5
Conjurations   | 3 6 7 9 |  9.1
Dodging        | 5 7 9 10 12 | 12.2
Translocations | 1 4 7 9 10 | 10.1
Air Magic      | 5 8 10 12 14 19 | 19.7

Action                     |  1- 3 |  4- 6 |  7- 9 | 10-12 | 13-15 | 16-18 | 19-21 | 22-24 | 25-27 || total
---------------------------+-------+-------+-------+-------+-------+-------+-------+-------+-------++-------
  Melee: Unarmed           |    58 |    93 |   283 |   430 |   919 |   714 |   590 |   872 |  1943 ||  5902
         Kick              |    15 |    35 |    63 |       |       |     1 |       |       |    10 ||   124
         Tentacles         |    13 |    14 |    53 |       |     2 |     2 |     4 |     3 |     5 ||    96
         Constrict         |    10 |    17 |    45 |     1 |     2 |     2 |     1 |     4 |     7 ||    89
         Punch             |       |     1 |     6 |       |     3 |    79 |    85 |   111 |   378 ||   663
         Demon whip        |       |       |     1 |     5 |     4 |     5 |     5 |     3 |       ||    23
         Bite              |       |       |       |       |     2 |    93 |    84 |   109 |    34 ||   322
         Tailslap          |       |       |       |       |     1 |   133 |   115 |   193 |    46 ||   488
         Peck              |       |       |       |       |       |       |       |     3 |       ||     3
         Great mace        |       |       |       |       |       |       |       |     2 |    18 ||    20
         Bo                |       |       |       |       |       |       |       |       |     7 ||     7
         Pseudopods        |       |       |       |       |       |       |       |       |     1 ||     1
  Throw: Dart              |     1 |     5 |       |       |       |       |       |       |       ||     6
   Cast: Beastly Appendage |    21 |    31 |    16 |       |       |       |       |       |       ||    68
         Wereblood         |       |     3 |    17 |    27 |    40 |    32 |    34 |    52 |    65 ||   270
         Ice Form          |       |       |    20 |    31 |    53 |       |       |       |       ||   104
         Metabolic Englaci |       |       |       |     8 |    29 |     7 |     4 |     5 |     2 ||    55
         Yara's Violent Un |       |       |       |       |     2 |     2 |     8 |    27 |     4 ||    43
         Dragon Form       |       |       |       |       |     1 |    61 |    55 |    63 |    12 ||   192
         Irradiate         |       |       |       |       |       |     4 |     5 |     7 |     5 ||    21
         Manifold Assault  |       |       |       |       |       |       |    13 |     1 |    31 ||    45
         Storm Form        |       |       |       |       |       |       |       |     2 |   108 ||   110
         Vhi's Electric Ch |       |       |       |       |       |       |       |     2 |    57 ||    59
         Ozocubu's Armour  |       |       |       |       |       |       |       |       |     5 ||     5
         Swiftness         |       |       |       |       |       |       |       |       |     1 ||     1
 Invoke: Oozemancy         |       |       |       |       |     1 |       |     1 |     1 |     1 ||     4
Ability: Breathe Fire      |       |       |       |       |     1 |    27 |     7 |     9 |     2 ||    46
         End Transformatio |       |       |       |       |       |     1 |     2 |     2 |       ||     5
         Blinkbolt         |       |       |       |       |       |       |       |       |     1 ||     1
  Evoke: Wand              |       |       |     9 |     9 |    19 |    14 |     7 |     7 |     3 ||    68
         Phantom mirror    |       |       |       |       |     1 |       |     1 |       |       ||     2
         Lightning rod     |       |       |       |       |       |    11 |     3 |       |       ||    14
         Box of beasts     |       |       |       |       |       |       |     1 |       |       ||     1
    Use: Scroll            |       |     3 |     7 |     6 |    11 |     6 |     7 |     6 |     4 ||    50
         Potion            |       |       |       |       |     1 |     1 |     1 |     8 |     9 ||    20
   Stab: Sleeping          |     3 |     6 |     6 |     1 |     1 |     6 |     3 |     9 |     8 ||    43
         Distracted        |       |       |       |     1 |       |     5 |     2 |     3 |     3 ||    14
         Invisible         |       |       |       |       |       |     7 |       |       |    11 ||    18
         Confused          |       |       |       |       |       |     1 |       |       |       ||     1
         Petrified         |       |       |       |       |       |       |       |       |     3 ||     3
 Armour: Skin              |     3 |     7 |    48 |   108 |   255 |   388 |   217 |   237 |   394 ||  1657
  Dodge: Dodged            |    40 |    64 |   146 |   221 |   456 |   449 |   289 |   414 |  1319 ||  3398
  Block: Other             |       |       |    12 |    75 |   153 |   143 |    90 |   142 |   260 ||   875
         Reflection        |       |       |       |     2 |     6 |     7 |     1 |    22 |     6 ||    44
